 Dungeon Crawl Stone Soup version 0.25-a0-404-gc1b5a34292 (webtiles) character file.

Game seed: 7344326657949346220, levelgen mode: deterministic

447 MrRokkomies the Skirmisher (level 7, -2/100 HPs)
             Began as an Ogre Hunter on Jan 10, 2020.
             Was a Follower of Hepliaklqana.
             Slain by a worker ant (4 damage)
             ... on level 4 of the Dungeon.
             The game lasted 00:11:44 (3600 turns).

MrRokkomies the Skirmisher (Ogre Hunter)            Turns: 3600, Time: 00:11:44

Health: -2/100     AC:  4    Str: 22    XL:     7   Next: 3%
Magic:  8/8        EV: 10    Int: 12    God:    Hepliaklqana [*.....]
Gold:   140        SH:  0    Dex: 11    Spells: 6/6 levels left

rFire    . . .     SeeInvis .   s - +0 morningstar (curse)
rCold    . . .     Gourm    .   (no shield)
rNeg     . . .     Faith    +   b - +0 robe
rPois    .         Spirit   .   (helmet restricted)
rElec    .         Reflect  .   k - +0 cloak
rCorr    .         Harm     .   (gloves unavailable)
MR       +....                  (boots unavailable)
Stlth    ..........             o - amulet of faith
HPRegen  0.26/turn              u - ring of protection from magic
MPRegen  0.11/turn              y - +1 ring of slaying

@: berserking, lethally poisoned (-2 -> -5), very slightly contaminated, very
quick
A: large, unfitting armour, reduced essence, tough skin 1
a: Recall Ancestor, Ancestor Identity, Renounce Religion


You were on level 4 of the Dungeon.
You worshipped Hepliaklqana.
Hepliaklqana was aware of your devotion.
You were very hungry.

You visited 1 branch of the dungeon, and saw 4 of its levels.

You collected 140 gold pieces.

Inventory:

Hand Weapons
 a - a +0 short sword
 s - a cursed +0 morningstar (weapon)
Missiles
 p - 191 stones (quivered)
 t - 8 boomerangs
Armour
 b - a +0 robe (worn)
 k - a +0 cloak (worn)
Jewellery
 o - an amulet of faith (around neck)
 u - a ring of protection from magic (left hand)
 y - a +1 ring of slaying (right hand)
Scrolls
 e - 3 scrolls of teleportation
 g - 3 scrolls of identify
 q - a scroll of magic mapping
 r - a scroll of fog
 x - 2 scrolls of enchant weapon {unknown}
 z - 2 scrolls of remove curse
Potions
 i - 2 potions of agility
 j - a potion of brilliance
 m - a potion of ambrosia
 A - a potion of degeneration {unknown}
Comestibles
 f - 5 rations


   Skills:
 * Level 6.1 Fighting
 * Level 5.7 Throwing
 + Level 3.1 Dodging
 - Level 0.6 Stealth
 + Level 2.3 Invocations


You had 6 spell levels left.
You didn't know any spells.
Your spell library was empty.

Dungeon Overview and Level Annotations

Branches:
Dungeon (4/15)
 Temple: D:4-7

Altars:
Hepliaklqana
Makhleb
Wu Jian

Annotations:
D:3 3 runed translucent doors, Phong's ghost, amateur OpTm


Innate Abilities, Weirdness & Mutations

You are too large for most types of armour.
You have tough skin. (AC +1)
Your life essence is reduced to manifest your ancestor. (-10% HP)


Message History

You are feeling very hungry.
You puncture Eustachio!
You kill Eustachio!
The quokka disappears in a puff of smoke! x2
The bat disappears in a puff of smoke!
The white imp disappears in a puff of smoke!
The iron imp disappears in a puff of smoke!
Your Fighting skill increases to level 6!
Your Dodging skill increases to level 3!
Your Invocations skill increases to level 2!
You have reached level 7!
Tochtli remembers more of his old skill.
* * * LOW HITPOINT WARNING * * *
You feel sick.
The worker ant bites you but does no damage.
A red film seems to cover your vision as you go berserk!
You feel yourself moving faster!
You feel mighty! The worker ant closely misses you.
Tochtli hits the worker ant.
The worker ant bites you.
You die...

######### #(a.§..(#
#@R§§.(.#
#)(§§...##########
...######...........
.§................[
.#.....##....#.#.##.
#.#........#..#.####.
# #.. ........#......
#. #######.#.#####
..###


You could see the friendly Tochtli the ancestor and a worker ant.

Vanquished Creatures
  Eustachio (D:4)
  A centaur skeleton (D:4)
  A hound (D:3)
  2 worker ants (D:4)
  3 adders
  An ooze (D:2)
  3 worms
  5 dart slugs
  A leopard gecko (D:1)
  9 orcs
  3 ball pythons
  5 giant cockroaches
  4 goblins
  9 hobgoblins
  8 jackals
  2 quokkas
  5 bats
  5 frilled lizards
  9 kobolds
  5 rats
82 creatures vanquished.

Vanquished Creatures (collateral kills)
  A hound (D:4)
  A worm (D:2)
  A leopard gecko (D:2)
  5 orcs
  A giant cockroach (D:3)
  A goblin (D:3)
  A hobgoblin (D:3)
  A kobold (D:3)
  A frilled lizard (D:3)
13 creatures vanquished.

Vanquished Creatures (others)
  2 ancestors (D:3)
  A fungus (D:3)
  3 plants (D:3)
6 creatures vanquished.

Grand Total: 101 creatures vanquished

Notes
Turn   | Place    | Note
-------+----------+-------------------------------------------
     0 | D:1      | MrRokkomies the Ogre Hunter began the quest for the Orb.
     0 | D:1      | Reached XP level 1. HP: 22/22 MP: 1/1
    22 | D:1      | Reached skill level 3 in Fighting
    94 | D:1      | Reached XP level 2. HP: 21/31 MP: 2/2
   306 | D:1      | Reached XP level 3. HP: 33/37 MP: 3/3
   943 | D:2      | Found a hazy altar of Hepliaklqana.
   952 | D:2      | Reached skill level 4 in Fighting
   957 | D:2      | Became a worshipper of Hepliaklqana the Forgotten
  1116 | D:2      | Reached XP level 4. HP: 41/43 MP: 4/4
  1971 | D:3      | Found an ornate altar of the Wu Jian Council.
  2058 | D:3      | Reached * piety under Hepliaklqana
  2066 | D:3      | Reached XP level 5. HP: 23/49 MP: 5/5
  2254 | D:3      | Found a faded altar of an unknown god.
  2275 | D:3      | Found a burning altar of Makhleb.
  2379 | D:3      | Reached skill level 5 in Throwing
  2420 | D:3      | Reached skill level 1 in Invocations
  2687 | D:3      | Found a runed translucent gate.
  2687 | D:3      | Found a runed translucent gate.
  2687 | D:3      | Found a runed translucent gate.
  2688 | D:3      | Noticed a big kobold
  2688 | D:3      | Noticed a big kobold
  2716 | D:3      | Noticed Phong's ghost (amateur OpTm)
  3117 | D:4      | Reached skill level 5 in Fighting
  3157 | D:4      | Reached XP level 6. HP: 42/59 MP: 7/7
  3577 | D:4      | Noticed Eustachio
  3590 | D:4      | HP: 2/59 [worker ant (5)]
  3599 | D:4      | Killed Eustachio
  3599 | D:4      | Reached skill level 6 in Fighting
  3599 | D:4      | Reached XP level 7. HP: 3/67 MP: 8/8
  3599 | D:4      | HP: 1/67 [poisoned by a worker ant]
  3600 | D:4      | Slain by a worker ant

Levels and vault maps discovered:
D:1:      zaba_arrival_water, layout_basic
D:2:      layout_basic, lemuel_crystal_altar, minmay_statues_item,
          due_unseen_surprise
D:3:      layout_rooms, makhleb_blood_cavern_becter, lemuel_crystal_altar,
          chequers_ecumenical_altar_simple, gammafunk_ghost_nasty_kobolds,
          kennysheep_pointless_box, minmay_misc_feat_more_columns
D:4:      layout_basic, minmay_starry_boxes, uniq_eustachio

Skill      XL: |  1  2  3  4  5  6 |
---------------+-------------------+-----
Fighting       | 3 4 5 6 |  6.1
Dodging        | 2 3 |  3.1
Throwing       | 5 |  5.7
Invocations    | 1 2 |  2.3
Stealth        | |  0.6

Action                   |  1- 3 |  4- 6 |  7- 9 || total
-------------------------+-------+-------+-------++-------
Melee: Short sword       |   150 |    59 |       ||   209
       Morningstar       |       |    94 |       ||    94
Throw: Stone             |    31 |     5 |       ||    36
       Boomerang         |       |    12 |       ||    12
       Javelin           |       |     5 |       ||     5
       Large rock        |       |     5 |       ||     5
       Throwing net      |       |     3 |       ||     3
  Use: Scroll            |     5 |     6 |       ||    11
       Potion            |       |     4 |     1 ||     5
 Stab: Sleeping          |     1 |     4 |       ||     5
       Distracted        |       |     3 |       ||     3
  Eat: Chunk             |       |     8 |       ||     8
Armor: Robe              |    44 |    72 |     1 ||   117
Dodge: Dodged            |    74 |   142 |     1 ||   217

Table legend:
 A = Non-vault XP
 B = Vault XP
 C = Vault XP percentage of total XP
 D = Non-vault monster count
 E = Vault monster count
 F = Vault count percentage of total count
                 A         B        C        D         E       F
            +---------+---------+-------+---------+---------+-------
      Total |     297 |     342 |  53.5 |      87 |       8 |   8.4
            +---------+---------+-------+---------+---------+-------
        D:1 |      54 |       0 |   0.0 |      30 |       0 |   0.0
        D:2 |      44 |       0 |   0.0 |      15 |       0 |   0.0
        D:3 |      93 |      42 |  31.1 |      33 |       1 |   2.9
        D:4 |     106 |     300 |  73.9 |       9 |       7 |  43.8
            +---------+---------+-------+---------+---------+-------
